Map: New Repugnancy LE

Players

Clem

  • Race: Terran Terran
  • Spawn Location: 1:00

HellraiseR - Winner!

  • Race: Protoss Protoss
  • Spawn Location: 7:00

Event: 2019 WCS Spring

VOD

Have the link to the VOD?

Description

Time

  • Played on: May 17, 2019, 7:06 a.m.
  • Length: 7:17

All games in this series

Show
View Real Time Build Order
Export as new Build Order

Clem Terran 

Build Orders: Gas First Reaper Expand 

Get SALT Encoding   

  12  0:00  SCV  
  13  0:12  SCV  
  14  0:17  Supply Depot  
  14  0:24  SCV  
  15  0:28  Refinery  
  15  0:42  Barracks  
  15  0:44  SCV  
  16  0:56  SCV  
  17  1:08  SCV  
  18  1:30  Reaper, Orbital Command  
  19  1:43  Command Center  
  19  1:56  Factory  
  19  1:59  SCV  
  20  2:05  Barracks Reactor  
  20  2:11  SCV  
  20  2:15  Supply Depot  
  21  2:19  Refinery  
  21  2:23  SCV  
  22  2:35  SCV  
  23  2:47  Hellion  
  23  2:49  Hellion  
  23  2:50  Starport  
  28  2:51  SCV  
  28  2:58  Orbital Command  
  28  3:05  SCV  
  29  3:09  Widow Mine  
  29  3:10  Widow Mine  
  29  3:11  Marine  
  34  3:17  SCV  
  34  3:23  SCV  
  34  3:26  Medivac  
  37  3:30  Supply Depot  
  37  3:32  Widow Mine  
  39  3:35  SCV  
  39  3:36  SCV  
  39  3:44  Widow Mine  
  39  3:47  Barracks Tech Lab  
  41  3:50  SCV x2  
  41  3:54  Supply Depot  
  43  3:55  Widow Mine  
  43  4:02  SCV  
  43  4:04  SCV  
  43  4:06  Widow Mine  
  43  4:08  Marine  
  42  4:14  SCV  
  42  4:16  SCV  
  45  4:17  Widow Mine  
  43  4:26  SCV, Marine  
  43  4:28  SCV  
  43  4:29  Medivac  
  46  4:39  SCV  
  46  4:40  SCV  
  46  4:43  Widow Mine x2  
  46  4:44  Marine  
  53  4:51  SCV  
  54  4:53  Stimpack, Supply Depot  
  54  4:57  SCV  
  55  5:02  Marine  
  55  5:03  SCV  
  52  5:10  SCV  
  49  5:15  SCV  
  49  5:19  Marine  
  48  5:22  SCV  
  48  5:24  Viking  
  48  5:28  SCV  
  51  5:34  SCV  
  51  5:37  Marine  
  51  5:38  Barracks  
  51  5:40  SCV  
  51  5:41  Barracks  
  53  5:46  SCV  
  54  5:51  Engineering Bay  
  54  5:52  Refinery  
  54  5:53  SCV  
  54  5:55  Marine  
  54  5:56  Starport Reactor  
  54  5:57  Factory Tech Lab  
  56  5:59  Supply Depot  
  56  6:03  SCV  
  57  6:07  SCV  
  57  6:10  Supply Depot  
  58  6:14  Marauder  
  58  6:15  SCV  
  61  6:19  SCV  
  61  6:24  Factory Reactor  
  55  6:27  SCV  
  55  6:32  Marine  
  53  6:34  Viking  
  53  6:35  SCV, Marauder  
  53  6:39  SCV  
  52  6:43  Marine  
  48  6:47  SCV  
  48  6:51  SCV, Marine  
Show
View Real Time Build Order
Export as new Build Order

HellraiseR Protoss - Winner!

Build Orders: 1 Gate Expand, Oracle Opening 

Get SALT Encoding   

  12  0:01  Probe  
  13  0:13  Probe  
  14  0:17  Pylon  
  14  0:22  Probe  
  15  0:31  Probe  
  16  0:36  Gateway  
  16  0:40  Probe  
  16  0:45  Assimilator  
  17  0:52  Probe  
  18  1:04  Probe  
  19  1:19  Nexus  
  19  1:22  Probe  
  20  1:32  Cybernetics Core  
  20  1:34  Probe  
  21  1:40  Assimilator  
  21  1:47  Probe  
  22  1:49  Pylon  
  22  1:58  Adept  
  22  1:59  Probe  
  23  2:11  Probe  
  26  2:18  Adept  
  26  2:23  Probe  
  26  2:25  Stargate  
  29  2:31  Probe  
  29  2:35  Probe  
  31  2:37  Warp Gate  
  31  2:38  Adept  
  31  2:43  Probe  
  32  2:47  Probe  
  34  2:55  Probe  
  35  2:59  Probe  
  35  3:02  Oracle  
  36  3:07  Probe  
  36  3:08  Adept  
  36  3:11  Probe  
  43  3:19  Probe  
  44  3:23  Probe  
  44  3:25  Pylon  
  45  3:31  Probe  
  45  3:33  Oracle  
  46  3:35  Probe  
  43  3:43  Probe  
  43  3:48  Probe  
  46  3:56  Probe  
  46  4:00  Probe  
  46  4:02  Oracle  
  48  4:08  Probe  
  47  4:10  Gateway x2  
  47  4:12  Probe  
  49  4:20  Probe  
  49  4:21  Pylon  
  51  4:24  Probe  
  51  4:31  Stalker  
  51  4:32  Probe  
  51  4:34  Pylon  
  54  4:39  Probe  
  54  4:44  Probe  
  54  4:49  Phoenix  
  54  4:51  Probe  
  57  4:55  Stalker, Nexus  
  57  4:56  Probe  
  57  4:58  Assimilator  
  57  4:59  Assimilator  
  60  5:02  Twilight Council  
  60  5:03  Probe  
  58  5:08  Probe  
  44  5:15  Probe  
  44  5:20  Probe  
  43  5:27  Probe  
  44  5:31  Probe  
  45  5:36  Probe  
  45  5:39  Probe  
  46  5:43  Stalker x2  
  46  5:44  Stalker, Probe  
  46  5:47  Probe  
  54  5:53  Probe  
  56  5:59  Probe  
  56  6:02  Forge  
  57  6:06  Probe  
  59  6:11  Stalker  
  59  6:13  Stalker  
  59  6:14  Probe  
  59  6:15  Probe  
  59  6:18  Probe  
  61  6:26  Probe  
  61  6:27  Probe  
  61  6:30  Probe  
  53  6:37  Stalker  
  53  6:38  Probe  
  53  6:39  Probe  
  57  6:42  Probe  
  58  6:47  Probe  
  58  6:50  Probe  
  58  6:51  Probe  
  61  6:55  Probe  
  61  6:58  Probe  
  60  7:04  Probe  
  60  7:05  Probe  
Tags
 
Add a new tag
Caveats
  • Supply blocks, unpowered buildings, or Contaminate may cause inaccurate times.
  • Supply counts are checked every 10 seconds.